 Dungeon Crawl Stone Soup version 0.22.1-1-ga44c0e5 (webtiles) character file.

40 maxcito73 the Firebug (level 3, -2/24 HPs)
             Began as a Human Fire Elementalist on Oct 12, 2018.
             Slain by a leopard gecko (3 damage)
             ... on level 3 of the Dungeon.
             The game lasted 00:34:21 (2103 turns).

maxcito73 the Firebug (Human Fire Elementalist)     Turns: 2103, Time: 00:34:22

Health: -2/24      AC:  2    Str:  8    XL:     3   Next: 72%
Magic:  0/6        EV: 13    Int: 16    God:
Gold:   22         SH:  0    Dex: 17    Spells: 6/7 levels left

rFire    . . .     SeeInvis .   h - +0 short sword
rCold    . . .     Gourm    .   (no shield)
rNeg     . . .     Faith    .   a - +0 robe
rPois    .         Spirit   .   (no helmet)
rElec    .         Reflect  .   (no cloak)
rCorr    .         Harm     .   (no gloves)
MR       .....                  (no boots)
Stlth    ++........             (no amulet)
HPRegen  0.08/turn              f - +4 ring of dexterity
MPRegen  0.10/turn              (no ring)

@: no status effects
A: no striking features
a: no special abilities


You were on level 3 of the Dungeon.
You were hungry.

You visited 1 branch of the dungeon, and saw 3 of its levels.

You collected 22 gold pieces.

Inventory:

Hand Weapons
 b - a +1 whip of flaming
 h - a +0 short sword (weapon)
Missiles
 c - 21 sling bullets
Armour
 a - a +0 robe (worn)
Jewellery
 f - a +4 ring of dexterity (left hand)
Scrolls
 e - 2 scrolls of remove curse
Comestibles
 g - a ration


   Skills:
 + Level 2.2 Dodging
 + Level 2.1 Stealth
 + Level 2.6 Spellcasting
 + Level 1.3 Conjurations
 + Level 3.5 Fire Magic


You had 6 spell levels left.
You knew the following spells:

 Your Spells              Type           Power        Failure   Level  Hunger
a - Flame Tongue          Conj/Fire      #....        7%          1    #......

Your spell library contained the following spells:

 Spells                   Type           Power        Failure   Level  Hunger
 Throw Flame              Conj/Fire      #.....       11%         2    ##.....
 Conjure Flame            Conj/Fire      #.......     22%         3    ###....
 Inner Flame              Hex/Fire       #.......     28%         3    ###....
 Sticky Flame             Conj/Fire      #.......     56%         4    #####..
 Fireball                 Conj/Fire      #.........   89%         5    ######.


Dungeon Overview and Level Annotations

Branches:
Dungeon (2/15)

Altars:
Uskayaw


Message History

Found an amethyst potion.
Found a hide-covered altar of Uskayaw.
The bat completely misses you. The bat misses you.
A hobgoblin comes into view. It is wielding a club.
The bat barely misses you. The bat hits you but does no damage.
The bat misses you.
You see here a ration.
You aren't carrying any potions.
Casting: Flame Tongue (safe; 7% risk of failure)
Confirm with . or Enter, or press ? or * to list all spells.
Aiming: Flame Tongue (safe; 7% risk of failure)
Press: ? - help, Shift-Dir - straight line, f - leopard gecko
Aim: a leopard gecko (clinging)
The flame tongue hits the leopard gecko.
The leopard gecko is moderately wounded.
The bat misses you. The bat barely misses you.
The bat hits you but does no damage. The leopard gecko bites you.
* * * LOW HITPOINT WARNING * * *
The bat hits you but does no damage. The bat closely misses you.
The leopard gecko bites you.
You die...

#....# #..[.#
#######....# .
...........#
..#######)...#
#............#
#....###....#
#.8..._l.r8.#
#....!@%....#
#.8....bb.8.#
.......=[....#
...8.......8....
................
#.##..#.........#
# #.###g.......#
#. .........


You could see a leopard gecko, a hobgoblin, 2 bats and a rat.

Vanquished Creatures
  3 dart slugs (D:1)
  2 leopard geckos (D:1)
  3 orcs (D:2)
  6 bats (D:1)
  2 giant cockroaches (D:1)
  3 goblins (D:1)
  2 hobgoblins (D:1)
  2 kobolds (D:1)
  5 rats
28 creatures vanquished.

Notes
Turn   | Place    | Note
-------+----------+-------------------------------------------
     0 | D:1      | maxcito73 the Human Fire Elementalist began the quest for
                  | the Orb.
     0 | D:1      | Reached XP level 1. HP: 13/13 MP: 3/3
   716 | D:1      | Reached XP level 2. HP: 8/19 MP: 0/5
  1208 | D:1      | Reached XP level 3. HP: 24/24 MP: 0/6
  2093 | D:2      | You fall through a shaft!
  2099 | D:3      | Found a hide-covered altar of Uskayaw.
  2102 | D:3      | HP: 1/24 [leopard gecko (3)]
  2103 | D:3      | Slain by a leopard gecko

Action                   || total
-------------------------++-------
Melee: Club              ||    30
       Unarmed           ||    11
       Short sword       ||     6
 Cast: Flame Tongue      ||    55
  Use: Potion            ||     1
       Scroll            ||     2
  Eat: Ration            ||     1
Armor: Robe              ||    33
Dodge: Dodged            ||    69
